 Dungeon Crawl Stone Soup version 0.30.1 (webtiles) character file.

Game seed: 3987348261811414799

427 Peloso the Covered (level 6, -4/55 HPs)
             Began as a Minotaur Fighter on July 2, 2023.
             Engulfed by a steam dragon's steam (9 damage)
             ... on level 5 of the Dungeon.
             The game lasted 00:04:35 (2310 turns).

Peloso the Covered (Minotaur Fighter)               Turns: 2310, Time: 00:04:35

Health: -4/55      AC:  8    Str: 21    XL:     6   Next: 65%
Magic:  5/5        EV: 10    Int:  5    God:
Gold:   251        SH:  5    Dex: 11    Spells: 5/5 levels left

rFire   . . .        a - +0 long sword
rCold   . . .        c - +0 buckler
rNeg    + . .        b - +1 scale mail
rPois   .            (helmet restricted)
rElec   .            (no cloak)
rCorr   .            (no gloves)
SInv    .            (no boots)
Will    .....        o - amulet of the acrobat Stlth
                     m - ring of positive energy
HPRegen 0.29/turn    (no ring)
MPRegen 0.09/turn

%: acrobat
@: no status effects
A: horns 2, retaliatory headbutt
a: no special abilities


You were on level 5 of the Dungeon.
You visited 1 branch of the dungeon, and saw 5 of its levels.

You collected 251 gold pieces.

Inventory:

Hand Weapons
 a - a +0 long sword (weapon)
Armour
 b - a +1 scale mail (worn)
 c - a +0 buckler (worn)
Jewellery
 d - a +6 ring of intelligence
 m - a ring of positive energy (left hand)
 o - an amulet of the acrobat (around neck)
Scrolls
 f - a scroll of blinking {unknown}
 g - 3 scrolls of teleportation
 h - 2 scrolls of enchant armour
 j - a scroll of amnesia
 k - a scroll of immolation {unknown}
 l - a scroll of torment {unknown}
Potions
 e - 2 potions of flight
 i - 3 potions of degeneration {unknown}
 n - a potion of curing


   Skills:
 + Level 4.9 Fighting
 + Level 5.4 Long Blades
 + Level 5.6 Armour
 + Level 1.2 Dodging
 + Level 0.8 Stealth
 + Level 4.6 Shields


You had 5 spell levels left.
You didn't know any spells.
Your spell library contained the following spells:

 Spells                   Type           Power      Damage    Failure   Level
 Beastly Appendage        Tmut           0%         N/A       86%         1
 Freeze                   Ice            0%         1d3       86%         1
 Sublimation of Blood     Necr           0%         N/A       94%         2
 Wereblood                Tmut           0%         N/A       94%         2
 Frozen Ramparts          Ice            0%         1d1       99%         3
 Hailstorm                Conj/Ice       0%         3d3       99%         3
 Ozocubu's Armour         Ice            0%         N/A       99%         3
 Spider Form              Tmut/Pois      0%         N/A       99%         3
 Ozocubu's Refrigeration  Ice            0%         4d7       100%        7
 Summon Hydra             Summ           0%         N/A       100%        7


Dungeon Overview and Level Annotations

Branches:
Dungeon (5/15)
 Temple: D:4-7

Altars:

Annotations:
D:4 Ijyb, Natasha


Innate Abilities, Weirdness & Mutations

You have a pair of horns on your head.
You reflexively headbutt those who attack you in melee.


Message History

You hear the sound of rushing water.
There is an entrance to a sewer on this level.
Hurry and find it before the portal rusts away!
You feel sick.
There is a stone staircase leading up here.
You feel sick.
You feel sick.
You feel sick.
You feel sick.
You feel sick.
You feel sick.
You are no longer poisoned.
You open the door.
A steam dragon comes into view.
The steam dragon breathes steam at you. The ball of steam hits you.
Found a stone staircase leading down.
Found a leather armour and 17 gold pieces.
You are engulfed in a cloud of scalding steam.
There is an open door here.
Okay, then.
The steam dragon misses you. You block the steam dragon's attack.
You barely miss the steam dragon.
You headbutt the steam dragon, but do no damage.
You are engulfed in a cloud of scalding steam.
You block the steam dragon's attack. The steam dragon completely misses you.
You hit the steam dragon.
The steam dragon is lightly wounded.
You are engulfed in a cloud of scalding steam.
The steam dragon breathes steam at you. The ball of steam hits you!!
* * * LOW HITPOINT WARNING * * *
You hit the steam dragon. You headbutt the steam dragon.
The steam dragon is moderately wounded.
The steam dragon breathes steam at you. The ball of steam hits you.
* * * LOW HITPOINT WARNING * * *
You barely miss the steam dragon. You headbutt the steam dragon.
The steam dragon is heavily wounded.
You are engulfed in a cloud of scalding steam.
You die...

############
#<........§#
##########§#
####§#######
#...@.......
#...D.......
+...>.......
#...........
#...........
#...........
#...[....$..
#...........


You could see a steam dragon (catching breath).

Vanquished Creatures
  An ogre (D:3)
  A phantom (D:4)
  An iguana (D:4)
  Jessica (D:2)
  Robin (D:2)
  7 adders
  3 gnolls (D:3)
  3 dart slugs
  4 ball pythons
  9 bats
  8 endoplasms
  13 goblins
  15 hobgoblins
  8 jackals
  4 quokkas
  4 frilled lizards
  7 kobolds
  5 rats
95 creatures vanquished.

Notes
Turn   | Place    | Note
-------+----------+-------------------------------------------
     0 | D:1      | Peloso the Minotaur Fighter began the quest for the Orb.
     0 | D:1      | Reached XP level 1. HP: 19/19 MP: 0/0
   191 | D:1      | Reached XP level 2. HP: 17/27 MP: 1/1
   730 | D:2      | Reached XP level 3. HP: 26/33 MP: 2/2
   843 | D:2      | Noticed Jessica
   853 | D:2      | Killed Jessica
   854 | D:2      | Reached XP level 4. HP: 38/40 MP: 3/3
   945 | D:2      | Noticed Robin
   984 | D:2      | Killed Robin
  1367 | D:2      | Reached XP level 5. HP: 47/47 MP: 4/4
  1590 | D:3      | Noticed an ogre
  1599 | D:3      | Killed an ogre
  1600 | D:3      | Reached skill level 5 in Armour
  1600 | D:3      | Reached skill level 1 in Dodging
  1627 | D:3      | Reached skill level 5 in Long Blades
  1637 | D:3      | Reached XP level 6. HP: 33/53 MP: 5/5
  2289 | D:4      | Noticed Natasha
  2289 | D:4      | Noticed Ijyb
  2294 | D:5      | Entered Level 5 of the Dungeon
  2304 | D:5      | Noticed a steam dragon
  2310 | D:5      | Engulfed by a steam dragon's steam

Illustrated notes

Levels and vault maps discovered:
D:1:      erik_arrival_blinker_ship, layout_loops_ring, minmay_misc_feat_rows,
          serial_bayou_lagoon_a, serial_bayou_pond_e, hex_medium,
          minmay_split_cup_small
D:2:      layout_basic, minmay_tromino_v4_a, uniq_jessica, uniq_robin
D:3:      layout_rooms, kennysheep_generic_room_12
D:4:      cheibrodos_quashed, layout_layer_cave, overflow_temple_1_default,
          okawaru_metal_pillars_3, uniq_eustachio, uniq_natasha, uniq_ijyb
D:5:      layout_basic, lightli_sewer_entry_pipes, minmay_misc_feat_doors,
          corexii_item_surrounded_by_moat, grunt_tough_drop

Skill      XL: |  1  2  3  4  5 |
---------------+----------------+-----
Armour         | 4 5 |  5.6
Fighting       | 4 |  4.9
Long Blades    | 3 4 5 |  5.4
Shields        | 4 |  4.6
Dodging        | 1 |  1.2
Stealth        | |  0.8

Action                     |  1- 3 |  4- 6 || total
---------------------------+-------+-------++-------
  Melee: Long sword        |    82 |   141 ||   223
         Headbutt          |     8 |    25 ||    33
    Use: Potion            |     2 |     1 ||     3
         Scroll            |       |     3 ||     3
 Armour: Scale mail        |    56 |    69 ||   125
  Dodge: Dodged            |    49 |    75 ||   124
  Block: Buckler           |    26 |    35 ||    61
